 Dungeon Crawl Stone Soup version 0.23.2-40-g277498a001 (webtiles) character file.

Game seed: 2084441418496344868

14452 vorber the Basher (level 11, -1/102 HPs)
             Began as a Minotaur Berserker on Aug 22, 2019.
             Was a High Priest of Trog.
             Slain by a white ugly thing (33 damage)
             ... on level 11 of the Dungeon.
             The game lasted 00:50:01 (10403 turns).

vorber the Basher (Minotaur Berserker)             Turns: 10403, Time: 00:50:01

Health: -1/102     AC: 15    Str: 21    XL:     11   Next: 88%
Magic:  10/10      EV:  9    Int:  4    God:    Trog [*****.]
Gold:   513        SH: 12    Dex: 14    Spells: 10/10 levels left

rFire    . . .     SeeInvis .   b - +4 morningstar (holy)
rCold    . . .     Gourm    .   I - +0 shield
rNeg     . . .     Faith    .   a - +1 plate armour
rPois    .         Spirit   .   (helmet restricted)
rElec    .         Reflect  .   d - scarf {repulsion}
rCorr    .         Harm     .   (no gloves)
MR       .....                  G - +2 pair of boots
Stlth    ..........             M - amulet of regeneration
HPRegen  0.67/turn              (no ring)
MPRegen  0.12/turn              (no ring)

@: corroded, repel missiles
A: retaliatory headbutt, horns 2
a: Berserk, Trog's Hand, Brothers in Arms, Renounce Religion


You were on level 11 of the Dungeon.
You worshipped Trog.
Trog was extremely pleased with you.
You were not hungry.

You visited 1 branch of the dungeon, and saw 11 of its levels.

You collected 674 gold pieces.
You spent 161 gold pieces at shops.

Inventory:

Hand Weapons
 b - a +4 morningstar of holy wrath (weapon)
 y - a +1 flail of holy wrath
 Q - a +8 great mace of draining
Missiles
 j - 234 stones (quivered)
Armour
 a - a +1 plate armour (worn)
 d - a scarf of repulsion (worn)
 h - a +0 pair of gloves
 i - a +0 cloak
 A - a +2 leather armour of fire resistance
 G - a +2 pair of boots (worn)
 I - a +0 shield (worn)
 K - a cursed +0 ring mail
Jewellery
 q - an uncursed ring of resist corrosion {unknown}
 F - an uncursed ring of magical power {unknown}
 M - an amulet of regeneration (around neck)
Wands
 o - a wand of disintegration (14)
 z - a wand of flame (21)
 B - a wand of paralysis (27)
 J - a wand of digging (8)
 R - a wand of acid (4)
Scrolls
 f - 5 scrolls of amnesia
 k - 8 scrolls of remove curse
 m - a scroll of noise
 t - a scroll of brand weapon {unknown}
 v - a scroll of blinking {unknown}
 w - a scroll of enchant armour
 D - a scroll of identify
 N - a scroll of fear {unknown}
 S - a scroll of enchant weapon
Potions
 e - 2 potions of mutation {unknown}
 g - 5 potions of heal wounds
 l - 2 potions of might
 n - a potion of cancellation {unknown}
 p - a potion of degeneration {unknown}
 r - 4 potions of lignification {unknown}
 s - 3 potions of haste {unknown}
 u - 5 potions of curing {unknown}
 x - 2 potions of agility {unknown}
 C - a potion of ambrosia {unknown}
 E - a potion of resistance {unknown}
 H - 3 potions of brilliance {unknown}
 L - a potion of flight {unknown}
 O - a potion of berserk rage {unknown}
Comestibles
 c - 20 rations
 P - 4 chunks of flesh


   Skills:
 * Level 11.2 Fighting
 - Level 12.0 Maces & Flails
 * Level 11.7 Armour
 * Level 7.5 Dodging
 + Level 1.8 Stealth
 * Level 9.0 Shields


You had 10 spell levels left.
You didn't know any spells.
Your spell library was empty.

Dungeon Overview and Level Annotations

Branches:
Dungeon (11/15)            Temple (0/1) D:6            Lair (0/6) D:11
    Orc (0/2) D:11

Altars:
Ashenzari
Dithmenos
Fedhas
Kikubaaqudgha
Okawaru
Qazlal
Ru
Sif Muna
Trog
Xom

Shops:
D:6 (   D:7 (


Innate Abilities, Weirdness & Mutations

You reflexively headbutt those who attack you in melee.
You have a pair of horns on your head.


Message History

Your headbutt misses the brown ugly thing.
The brown ugly thing is almost dead.
The brown ugly thing headbutts you.
You are splashed with acid.
You closely miss the brown ugly thing.
The brown ugly thing is almost dead.
The brown ugly thing basks in the mutagenic energy from its kin and changes!
You closely miss the white ugly thing. You headbutt the white ugly thing!
The white ugly thing is almost dead.
You hit the white ugly thing but do no damage.
The white ugly thing is almost dead.
You sock the white ugly thing!
You kill the white ugly thing!
Trog accepts your kill.
You hit the white ugly thing.
The white ugly thing is moderately wounded.
The white ugly thing kicks you! The white ugly thing freezes you!!
* * * LOW HITPOINT WARNING * * *
You feel much better. The white ugly thing kicks you.
The white ugly thing freezes you!!
You die...

.. # #
#####
#.###
#...###
#....
#.....
###.#
#...#
......
#u#
.#####
#@# #.#
#.# #.# #
#.# #.
#.#
#.#####
#.#
###......
#.#
..>.....#
#.#
######..#


You could see a white ugly thing.

Vanquished Creatures
  2 hydras (D:11)
  Erica (D:8)
  A two-headed ogre (D:9)
  Nergalle (D:11)
  A cyclops (D:10)
  An ugly thing (D:11)
  Psyche (D:10)
  2 centaur skeletons
  A komodo dragon (D:11)
  A troll (D:10)
  2 hornets
  Grinder (D:5)
  2 hippogriffs
  Sigmund (D:5)
  A wraith (D:11)
  9 yaks (D:11)
  2 wyverns (D:11)
  2 basilisks (D:11)
  3 hungry ghosts
  2 steam dragons (D:11)
  Menkaure (D:7)
  An acid dragon (D:11)
  An orc warrior (D:9)
  2 ice beasts
  A sky beast (D:10)
  4 ogres
  4 phantoms
  3 centaurs
  A crocodile (D:11)
  3 big kobolds
  Blork the orc (D:5)
  9 bullfrogs
  A water moccasin zombie (D:8)
  2 scorpions
  3 troll zombies (D:11)
  14 killer bees
  3 howler monkeys
  5 wights (D:8)
  7 crimson imps
  3 centaur zombies
  A bullfrog zombie (D:6)
  8 hounds
  A bullfrog skeleton (D:9)
  9 orc priests
  8 orc wizards
  Jessica (D:3)
  Ijyb (D:5)
  3 iguanas
  Terence (D:3)
  8 worker ants
  A killer bee zombie (D:5)
  5 ogre zombies (D:11)
  2 hound zombies
  2 hound skeletons
  A howler monkey zombie (D:7)
  2 worker ant zombies (D:8)
  A gnoll (D:1)
  11 adders
  3 shadow imps
  2 worms (D:5)
  A dart slug (D:3)
  10 leopard geckos
  30 orcs
  3 ball pythons
  4 giant cockroaches
  7 goblins
  2 hobgoblins
  5 jackals
  14 kobolds
  4 quokkas
  9 bats
  7 frilled lizards
  2 goblin skeletons (D:11)
  2 goblin zombies (D:11)
  2 hobgoblin zombies (D:11)
  A leopard gecko zombie (D:7)
  An orc skeleton (D:11)
  17 orc zombies (D:11)
  9 rats
307 creatures vanquished.

Vanquished Creatures (others)
  An orc zombie (D:11)
1 creature vanquished.

Grand Total: 308 creatures vanquished

Notes
Turn   | Place    | Note
-------+----------+-------------------------------------------
     0 | D:1      | vorber the Minotaur Berserker began the quest for the Orb.
     0 | D:1      | Reached XP level 1. HP: 19/19 MP: 0/0
   281 | D:1      | Reached skill level 4 in Maces & Flails
   350 | D:1      | Reached XP level 2. HP: 17/27 MP: 1/1
   930 | D:1      | Reached XP level 3. HP: 26/33 MP: 2/2
  1163 | D:2      | Reached ** piety under Trog
  1479 | D:2      | Reached skill level 5 in Maces & Flails
  1785 | D:2      | Found a stormy altar of Qazlal.
  1841 | D:2      | Found an iron altar of Okawaru.
  2016 | D:3      | Reached XP level 4. HP: 40/40 MP: 3/3
  2047 | D:3      | Noticed Jessica
  2053 | D:3      | Killed Jessica
  2165 | D:3      | Noticed Terence
  2178 | D:3      | Killed Terence
  2323 | D:3      | Reached *** piety under Trog
  2331 | D:3      | Found a shadowy altar of Dithmenos.
  2339 | D:3      | Reached XP level 5. HP: 47/47 MP: 4/4
  2504 | D:3      | Reached skill level 6 in Maces & Flails
  2581 | D:3      | Found a blossoming altar of Fedhas.
  3041 | D:4      | Reached skill level 1 in Stealth
  3041 | D:4      | Reached XP level 6. HP: 53/53 MP: 5/5
  3413 | D:4      | Reached skill level 7 in Maces & Flails
  3995 | D:5      | Entered Level 5 of the Dungeon
  3995 | D:5      | Noticed Ijyb
  3998 | D:5      | Noticed Grinder
  4007 | D:5      | Killed Ijyb
  4011 | D:5      | Killed Grinder
  4011 | D:5      | Reached skill level 5 in Fighting
  4011 | D:5      | Reached skill level 8 in Maces & Flails
  4011 | D:5      | Reached XP level 7. HP: 61/61 MP: 6/6
  4075 | D:5      | Noticed Blork the orc
  4086 | D:5      | Killed Blork the orc
  4167 | D:5      | Noticed Sigmund
  4177 | D:5      | Killed Sigmund
  4177 | D:5      | Reached skill level 5 in Armour
  4228 | D:5      | Reached skill level 9 in Maces & Flails
  4233 | D:5      | Reached XP level 8. HP: 69/69 MP: 7/7
  4668 | D:5      | Found a deep blue altar of Sif Muna.
  5153 | D:6      | Reached **** piety under Trog
  5163 | D:6      | Found Donty's Weapon Emporium.
  5264 | D:6      | Reached skill level 10 in Maces & Flails
  5472 | D:6      | Identified the +4 falchion "Iptaf" {slice, Str+2}
  5587 | D:6      | Reached skill level 11 in Maces & Flails
  5803 | D:6      | Found a staircase to the Ecumenical Temple.
  5829 | D:6      | Reached skill level 1 in Shields
  6109 | D:7      | Found a bloodstained altar of Trog.
  6112 | D:7      | Found a shattered altar of Ashenzari.
  6117 | D:7      | Reached XP level 9. HP: 71/77 MP: 8/8
  6119 | D:7      | Found a shimmering altar of Xom.
  6119 | D:7      | Found a sacrificial altar of Ru.
  6119 | D:7      | Found an ancient bone altar of Kikubaaqudgha.
  6412 | D:7      | Noticed Menkaure
  6423 | D:7      | Killed Menkaure
  6544 | D:7      | Found Cixau's Antique Weapon Shop.
  6566 | D:7      | Bought a runed morningstar for 161 gold pieces
  6765 | D:8      | Noticed Erica
  6780 | D:8      | Killed Erica
  7018 | D:8      | Reached skill level 5 in Dodging
  7095 | D:8      | Reached XP level 10. HP: 71/86 MP: 9/9
  7334 | D:8      | Reached ***** piety under Trog
  7472 | D:8      | Reached skill level 12 in Maces & Flails
  8174 | D:9      | Noticed a two-headed ogre
  8185 | D:9      | Killed a two-headed ogre
  8185 | D:9      | Reached skill level 5 in Shields
  8774 | D:9      | Paralysed by a hornet for 1 turns
  8840 | D:10     | Entered Level 10 of the Dungeon
  8840 | D:10     | Noticed Psyche
  8848 | D:10     | Killed Psyche
  8848 | D:10     | Reached skill level 10 in Armour
  8990 | D:10     | Noticed a cyclops
  8998 | D:10     | Killed a cyclops
  9040 | D:10     | Paralysed by a hornet for 1 turns
  9049 | D:10     | Reached XP level 11. HP: 78/97 MP: 10/10
  9160 | D:10     | Received a gift from Trog
  9757 | D:11     | Reached skill level 10 in Fighting
  9784 | D:11     | Noticed Nergalle
  9800 | D:11     | Killed Nergalle
  9907 | D:11     | Found a staircase to the Lair.
 10015 | D:11     | Noticed an eight-headed hydra
 10026 | D:11     | Killed an eight-headed hydra
 10136 | D:11     | Noticed a six-headed hydra
 10146 | D:11     | Killed a six-headed hydra
 10148 | D:11     | Found a staircase to the Orcish Mines.
 10385 | D:11     | Noticed a brown ugly thing
 10386 | D:11     | Noticed a brown ugly thing
 10401 | D:11     | Killed a white ugly thing
 10403 | D:11     | Slain by a white ugly thing

Skill      XL: |  1  2  3  4  5  6  7  8  9 10 11 |
---------------+----------------------------------+-----
Maces & Flails | 4 5 6 8 9 11 12 | 12.0
Fighting       | 4 5 6 7 9 11 | 11.2
Armour         | 3 4 5 6 9 10 11 | 11.7
Dodging        | 3 4 5 6 7 |  7.5
Stealth        | 1 |  1.8
Shields        | 1 3 6 9 |  9.0

Action                   |  1- 3 |  4- 6 |  7- 9 | 10-12 || total
-------------------------+-------+-------+-------+-------++-------
Melee: Mace              |    84 |    60 |       |       ||   144
       Headbutt          |     5 |    18 |    63 |    77 ||   163
       Flail             |       |    46 |   240 |       ||   286
       Morningstar       |       |       |    51 |   423 ||   474
Invok: Berserk           |     1 |     4 |     3 |     3 ||    11
       Trog's Hand       |       |       |       |     1 ||     1
  Use: Scroll            |     2 |     3 |       |     3 ||     8
       Potion            |       |       |     1 |     1 ||     2
  Eat: Chunk             |     4 |     9 |    15 |     9 ||    37
       Ration            |       |       |       |     2 ||     2
Armor: Animal skin       |     7 |       |       |       ||     7
       Scale mail        |    17 |    32 |       |       ||    49
       Ring mail         |     2 |       |       |       ||     2
       Plate armour      |       |    18 |   153 |   212 ||   383
Dodge: Dodged            |    48 |    59 |    65 |   115 ||   287
       Deflected         |       |     3 |     2 |     5 ||    10
Block: Shield            |       |       |    75 |   203 ||   278
